 Dungeon Crawl Stone Soup version 0.29.0-11-gd7f09526c8 (webtiles) character file.

Game seed: 8338631223026341706

463 groovy9 the Ruffian (level 6, -4/78 (88) HPs)
             Began as a Troll Berserker on Sept 7, 2022.
             Was a Priest of Trog.
             Slain by a wight
             ... wielding a +3 trident of freezing
              (7 damage)
             ... on level 4 of the Dungeon.
             The game lasted 00:10:30 (2343 turns).

groovy9 the Ruffian (Troll Berserker)               Turns: 2343, Time: 00:10:31

HP:   -4/78 (88)    AC:  5    Str: 28    XL:     6   Next: 79%
MP:   5/5           EV: 10    Int:  3    God:    Trog [***...]
Gold: 209           SH:  0    Dex:  9    Spells: 5/5 levels left

rFire   . . .      SeeInvis .     - Unarmed
rCold   . . .      Faith    .   (no shield)
rNeg    . . .      Spirit   .   a - +1 animal skin
rPois   .          Reflect  .   h - +0 hat
rElec   .          Harm     .   (no cloak)
rCorr   .          Rampage  .   (gloves unavailable)
Will    .....                   (boots unavailable)
Stlth   ..........              (no amulet)
HPRegen 1.03/turn               d - ring of flight
MPRegen 0.09/turn               (no ring)

@: berserking, flying, heavily drained, very quick
A: large, unfitting armour, claws 3, regeneration 1, shaggy fur 1, tough skin 1
a: Renounce Religion, Berserk, Trog's Hand


You were on level 4 of the Dungeon.
You worshipped Trog.
Trog was most pleased with you.
You visited 1 branch of the dungeon, and saw 4 of its levels.

You collected 209 gold pieces.

Inventory:

Missiles
 g - 9 poisoned darts (quivered)
Armour
 a - a +1 animal skin (worn)
 h - a +0 hat (worn)
Jewellery
 d - a ring of flight (left claw)
Wands
 b - a wand of polymorph (6)
 l - a wand of charming (8)
Scrolls
 c - 2 scrolls of magic mapping
 i - a scroll of fear {unknown}
 j - a scroll of teleportation
 m - a scroll of immolation
 n - a scroll of identify
 o - a scroll of enchant weapon {unknown}
Potions
 f - a potion of might
 k - 2 potions of lignification {unknown}


   Skills:
 - Level 2.4 Fighting
 + Level 4.1 Dodging
 * Level 6.6 Unarmed Combat


You had 5 spell levels left.
You didn't know any spells.
Your spell library was empty.

Dungeon Overview and Level Annotations

Branches:
Dungeon (4/15)             Temple (0/1) D:4

Altars:
Ashenzari

Shops:
D:2 [


Innate Abilities, Weirdness & Mutations

You are too large for most types of armour.
You have claws for hands.
Your natural rate of healing is unusually fast.
You are covered in fur. (AC +1)
You have tough skin. (AC +1)


Message History

The wight hits you with a +3 trident of freezing!
The wight freezes you.
The wight hits you from afar with a +3 halberd!
* * * LOW HITPOINT WARNING * * *
You feel drained.
* * * LOW HITPOINT WARNING * * *
The wight hits you with a +0 morningstar!
* * * LOW HITPOINT WARNING * * *
You are too injured to fight recklessly!
You are too injured to fight recklessly!
You are too injured to fight recklessly!
You are too injured to fight recklessly!
You are too injured to fight recklessly!
You are too injured to fight recklessly!
You are too injured to fight recklessly!
You are too injured to fight recklessly!
You are too injured to fight recklessly!
You are too injured to fight recklessly!
You are too injured to fight recklessly!
You are too injured to fight recklessly!
You feel much better.
The wight hits you with a +3 trident of freezing.
The wight freezes you. The wight barely misses you.
The wight hits you with a +0 morningstar!
A red film seems to cover your vision as you go berserk!
You feel yourself moving faster!
You feel mighty!
The wight hits you with a +3 trident of freezing!
The wight freezes you.
* * * LOW HITPOINT WARNING * * *
The wight hits you from afar with a +3 halberd!
* * * LOW HITPOINT WARNING * * *
You feel drained.
* * * LOW HITPOINT WARNING * * *
The wight hits you with a +0 morningstar.
* * * LOW HITPOINT WARNING * * *
You feel drained.
* * * LOW HITPOINT WARNING * * *
You feel a strong urge to attack something.
The wight hits you from afar with a +3 trident of freezing!
You die...

### ###### #..
#z.@.########### #.. ######
#z##.....#.....###..
#....###Pz ##...........##..
#.....#P.. #...............
####.##P.> #............#..
#..#P.. #......<.....#.. ###
######.##PP
##.........รท..#.. ..#
#.......#####.............##.
..# #........#
#.................


You could see 2 wights.

Vanquished Creatures
  A phantom (D:4)
  A bullfrog (D:4)
  3 hounds (D:4)
  Crazy Yiuf (D:4)
  An orc priest (D:4)
  An iguana (D:4)
  Robin (D:3)
  4 adders
  2 worms (D:3)
  2 dart slugs (D:1)
  6 orcs
  5 bats
  4 endoplasms
  A giant cockroach (D:4)
  8 goblins
  11 hobgoblins
  3 jackals (D:3)
  5 quokkas
  12 ball pythons
  A frilled lizard (D:3)
  5 kobolds
  4 rats
82 creatures vanquished.

Notes
Turn   | Place    | Note
-------+----------+-------------------------------------------
     0 | D:1      | groovy9 the Troll Berserker began the quest for the Orb.
     0 | D:1      | Reached XP level 1. HP: 22/22 MP: 0/0
   213 | D:1      | Reached XP level 2. HP: 25/29 MP: 1/1
   633 | D:2      | Reached XP level 3. HP: 36/36 MP: 2/2
   644 | D:2      | Reached skill level 4 in Unarmed Combat
   655 | D:2      | Reached ** piety under Trog
   856 | D:2      | Found Iwioq's Antique Armour Shop.
   937 | D:2      | Found a faded altar of an unknown god.
  1152 | D:2      | Reached XP level 4. HP: 44/44 MP: 3/3
  1322 | D:3      | Noticed Robin
  1332 | D:3      | Killed Robin
  1492 | D:3      | Found a faded altar of an unknown god.
  1496 | D:3      | Found a broken altar of Ashenzari.
  1852 | D:4      | Reached skill level 5 in Unarmed Combat
  1852 | D:4      | Reached XP level 5. HP: 50/50 MP: 4/4
  1949 | D:4      | Reached *** piety under Trog
  1965 | D:4      | Noticed a phantom
  1969 | D:4      | Killed a phantom
  1970 | D:4      | Reached skill level 6 in Unarmed Combat
  1970 | D:4      | Reached XP level 6. HP: 59/59 MP: 5/5
  2195 | D:4      | Found a runed translucent door.
  2196 | D:4      | Noticed Crazy Yiuf
  2202 | D:4      | Killed Crazy Yiuf
  2333 | D:4      | Found a staircase to the Ecumenical Temple.
  2342 | D:4      | HP: 3/79 [wight/+0 morningstar (4)]
  2343 | D:4      | Slain by a wight

Illustrated notes

Levels and vault maps discovered:
D:1:      nzn_arrival_water_spiral, layout_rooms, minivault_24
D:2:      layout_basic, serial_forest, infiniplex_forest_clump_curved,
          infiniplex_forest_straight_2, infiniplex_forest_side_room,
          infiniplex_forest_lined_2, serial_shops, shop,
          nicolae_ecumenical_snake_handling
D:3:      layout_loops_ring, nicolae_overflow_ecumenical_swirl, uniq_robin
D:4:      layout_rooms, minmay_temple_entry_enclosed_plants,
          uniq_crazy_yiuf_cottage

Skill      XL: |  1  2  3  4  5  6 |
---------------+-------------------+-----
Unarmed Combat | 4 5 6 |  6.6
Dodging        | 3 4 |  4.1
Fighting       | |  2.4

Action                   |  1- 3 |  4- 6 || total
-------------------------+-------+-------++-------
Melee: Unarmed           |    91 |   101 ||   192
       Punch             |       |     4 ||     4
Invok: Berserk           |       |     3 ||     3
  Use: Scroll            |       |    10 ||    10
       Potion            |       |     2 ||     2
Armor: Animal skin       |    24 |    18 ||    42
Dodge: Dodged            |    41 |    45 ||    86
